 Dungeon Crawl Stone Soup version 0.32-a0-921-g04a7ad8e02 (webtiles) character file.

Game seed: 14437755630330626984

2320 Ijustatesigmund the Destroyer (level 9, -4/66 HPs)
             Began as a Gnoll Conjurer on Apr 12, 2024.
             Was an Initiate of Vehumet.
             Killed from afar by Erica (24 damage)
             ... with a bolt of poison
             ... on level 9 of the Dungeon.
             The game lasted 00:14:33 (9692 turns).

Ijustatesigmund the Destroyer (Gnoll Conjurer)      Turns: 9692, Time: 00:14:33

Health: -4/66      AC:  9    Str:  7    XL:     9   Next: 41%
Magic:  0/19       EV: 18    Int: 21    God:    Vehumet [......]
Gold:   1420       SH:  0    Dex: 11    Spells: 14/21 levels left

rFire   . . .        n - +3 lajatang (venom)
rCold   . . .        (shield currently unavailable)
rNeg    . . .        a - +0 robe
rPois   .            (no helmet)
rElec   .            I - +1 cloak
rCorr   .            (no gloves)
SInv    .            l - +0 pair of boots
Will    .....        (no amulet)
Stlth   +++          k - +5 ring of evasion
HPRegen 0.31/turn    A - +4 ring of protection
MPRegen 0.16/turn

%: no passive effects
@: lethally poisoned (-4 -> -19), slowed, very slow
A: fangs 1, strong nose, distributed training
a: Renounce Religion


You were on level 9 of the Dungeon.
You worshipped Vehumet.
Vehumet was noncommittal.
You visited 2 branches of the dungeon, and saw 10 of its levels.

You collected 1645 gold pieces.
You spent 225 gold pieces at shops.

Inventory:

Hand Weapons
 e - a +2 morningstar of protection
 n - a +3 lajatang of venom (weapon)
 J - a +4 quarterstaff of chaos
Missiles
 x - 3 throwing nets
Armour
 a - a +0 robe (worn)
 l - a +0 pair of boots (worn)
 I - a +1 cloak (worn)
Jewellery
 c - a ring of fire
 g - a ring of fire
 k - a +5 ring of evasion (left hand)
 q - a ring of flight
 t - a ring of see invisible
 A - a +4 ring of protection (right hand)
 C - a ring of protection from fire
 N - a +4 ring of protection
Wands
 G - a wand of charming (10)
 M - a wand of flame (20)
Scrolls
 i - 6 scrolls of teleportation
 o - a scroll of revelation
 p - 2 scrolls of immolation
 F - 3 scrolls of fear
Potions
 b - a potion of magic
 f - a potion of enlightenment
 h - 2 potions of might
 j - 2 potions of curing
 r - a potion of haste
 s - a potion of lignification
 w - a potion of attraction
 z - a potion of brilliance
 B - a potion of resistance
 D - 2 potions of heal wounds {unknown}
 K - 2 potions of invisibility {unknown}


   Skills:
 + Level 4.4 Fighting
 + Level 4.4 Short Blades
 + Level 4.4 Long Blades
 + Level 4.4 Axes
 + Level 4.4 Maces & Flails
 + Level 4.4 Polearms
 + Level 4.4 Staves
 + Level 4.4 Ranged Weapons
 + Level 4.4 Throwing
 + Level 4.4 Armour
 + Level 6.4 Dodging
 + Level 6.1 Stealth
 + Level 4.4 Shields
 + Level 4.4 Unarmed Combat
 + Level 6.7 Spellcasting
 + Level 8.0 Conjurations
 + Level 3.6 Hexes
 + Level 3.6 Summonings
 + Level 3.6 Necromancy
 + Level 3.6 Translocations
 + Level 3.6 Fire Magic
 + Level 3.6 Ice Magic
 + Level 3.6 Air Magic
 + Level 3.6 Earth Magic
 + Level 3.6 Alchemy
 + Level 4.8 Invocations
 + Level 4.4 Evocations
 + Level 4.0 Shapeshifting


You had 14 spell levels left.
You knew the following spells:

 Your Spells              Type           Power      Damage    Failure   Level
a - Magic Dart            Conj           100%       1d8       1%          1
b - Searing Ray           Conj           82%        2d7       1%          2
c - Iskenderun's Mystic Conj/Tloc 31%            2d8        (+2d4     9%          4

Your spell library contained the following spells:

 Spells                   Type           Power      Damage    Failure   Level
 Apportation              Tloc           44%        N/A       1%          1
 Kiss of Death            Conj/Necr      100%       2d13      1%          1
 Necrotise                Necr           88%        1d8       1%          1
 Shock                    Conj/Air       100%       1d9       1%          1
 Sting                    Conj/Alch      100%       1d9       1%          1
 Summon Small Mammal      Summ           88%        N/A       1%          1
 Mercury Vapours          Alch/Air       44%        N/A       3%          2
 Mephitic Cloud           Conj/Alch/Air  28%        N/A       3%          3
 Confusing Touch          Hex            22%        N/A       6%          3
 Swiftness                Air            22%        N/A       6%          3
 Vampiric Draining        Necr           22%        2d7       6%          3
 Fulminant Prism          Conj/Alch      15%        3d11      9%          4
 Airstrike                Air            11%        2d(2-18)  21%         4
 Dispel Undead            Necr           22%        3d12      21%         4
 Martyr's Knell           Necr/Summ      22%        N/A       21%         4
 Freezing Cloud           Conj/Ice/Air   14%        6-21      30%         5
 Curse of Agony           Necr           22%        N/A       50%         5


Dungeon Overview and Level Annotations

Branches:
Dungeon (9/15)             Temple (1/1) D:6            Lair (0/5) D:8
    Orc: D:9-12

Altars:
Ashenzari
Cheibriados
Dithmenos
Elyvilon
Fedhas
Gozag
Hepliaklqana
Kikubaaqudgha
Makhleb
Nemelex Xobeh
Okawaru
Qazlal
Ru
Sif Muna
Trog
Uskayaw
Vehumet
Wu Jian
Xom
Yredelemnul
Zin
The Shining One
Beogh

Shops:
D:8 ?

Annotations:
D:8 2 transporters
D:9 Erica
Temple 4 transporters


Innate Abilities, Weirdness & Mutations

You have very sharp teeth.
Your uncanny sense of smell can sniff out nearby items.
Your experience applies equally to all skills.


Message History

Erica is moderately wounded.
You feel very sick.
The searing ray hits Erica!
Erica is heavily wounded.
You finish channelling your searing ray.
You feel sick.
Erica stares at you and mumbles some strange words.
The bolt of poison misses you. Erica casts a spell at you.
The bolt of poison hits you!
You are more poisoned.
Casting: Searing Ray (safe; 1% risk of failure)
Confirm with . or Enter, or press ? or * to list all spells.
You erupt in a blast of force!
The mystic blast hits Erica!
Erica is heavily wounded.
Erica is knocked back by the mystic blast.
* * * LOW HITPOINT WARNING * * *
You feel extremely sick.
You feel better.
Casting: Iskenderun's Mystic Blast (dangerous; 9% risk of failure)
Confirm with . or Enter, or press ? or * to list all spells.
You erupt in a blast of force!
The mystic blast hits Erica!
Erica is severely wounded.
Erica is knocked back by the mystic blast.
Unknown command.
Casting: Iskenderun's Mystic Blast (dangerous; 9% risk of failure)
Confirm with . or Enter, or press ? or * to list all spells.
You erupt in a blast of force!
The mystic blast hits Erica!
Erica is almost dead.
Erica is knocked back by the mystic blast.
Aiming: Throw Flame
Press: ? - help, Shift-Dir - straight line, f/p - Erica
Aim: Erica, wielding a +3 scimitar of flaming and wearing a +4 ring of protection (almost dead, 64% to hit)
The puff of flame hits Erica!
Erica is almost dead.
Erica casts a spell at you. The bolt of poison hits you!!
You are poisoned.
You die...
Erica begins burbling mirthfully and uncontrollably.

#.....
######....
.......x..
.........
.........
........#
........#
.......@#
........#
.......<#
........#
#########


You could see Erica.

Vanquished Creatures
  2 hornets
  A wyvern (D:8)
  A steam dragon (D:8)
  2 water moccasins (D:5)
  An orc warrior (D:7)
  A sky beast (D:8)
  An ogre (D:5)
  Blork the orc (D:5)
  A phantom (D:4)
  A kobold brigand (D:6)
  3 bullfrogs
  3 scorpions
  4 hounds
  2 sleepcaps
  2 jellies
  Crazy Yiuf (D:6)
  An iguana (D:4)
  4 orc wizards
  3 gnolls (D:5)
  7 adders
  A shadow imp (D:8)
  3 white imps
  A dart slug (D:4)
  2 ribbon worms
  15 orcs
  5 endoplasms
  A giant cockroach (D:2)
  10 goblins
  10 hobgoblins
  4 jackals (D:3)
  5 quokkas
  5 ball pythons
  7 bats
  7 frilled lizards
  12 kobolds
  3 rats
133 creatures vanquished.

Notes
Turn   | Place    | Note
-------+----------+-------------------------------------------
     0 | D:1      | Ijustatesigmund the Gnoll Conjurer began the quest for the
                  | Orb.
     0 | D:1      | Reached XP level 1. HP: 13/13 MP: 6/6
   107 | D:1      | Found a faded altar of an unknown god.
   155 | D:1      | Reached XP level 2. HP: 19/19 MP: 2/7
   213 | D:1      | Learned a level 2 spell: Searing Ray
   992 | D:2      | Reached skill level 5 in Spellcasting
   992 | D:2      | Reached XP level 3. HP: 25/25 MP: 4/9
  1186 | D:2      | Reached skill level 1 in Invocations
  1591 | D:2      | Reached skill level 1 in Fighting
  1591 | D:2      | Reached skill level 1 in Short Blades
  1591 | D:2      | Reached skill level 1 in Long Blades
  1591 | D:2      | Reached skill level 1 in Axes
  1591 | D:2      | Reached skill level 1 in Maces & Flails
  1591 | D:2      | Reached skill level 1 in Polearms
  1591 | D:2      | Reached skill level 1 in Staves
  1591 | D:2      | Reached skill level 1 in Ranged Weapons
  1591 | D:2      | Reached skill level 1 in Throwing
  1591 | D:2      | Reached skill level 1 in Armour
  1591 | D:2      | Reached skill level 1 in Shields
  1591 | D:2      | Reached skill level 1 in Unarmed Combat
  1591 | D:2      | Reached skill level 1 in Evocations
  2040 | D:3      | Reached skill level 1 in Shapeshifting
  2040 | D:3      | Reached XP level 4. HP: 32/32 MP: 7/11
  2244 | D:3      | Found a blossoming altar of Fedhas.
  2406 | D:3      | Found an iron altar of Okawaru.
  2635 | D:3      | Reached skill level 1 in Hexes
  2635 | D:3      | Reached skill level 1 in Summonings
  2635 | D:3      | Reached skill level 1 in Necromancy
  2635 | D:3      | Reached skill level 1 in Translocations
  2635 | D:3      | Reached skill level 1 in Fire Magic
  2635 | D:3      | Reached skill level 1 in Ice Magic
  2635 | D:3      | Reached skill level 1 in Air Magic
  2635 | D:3      | Reached skill level 1 in Earth Magic
  2635 | D:3      | Reached skill level 1 in Alchemy
  2737 | D:3      | Found a hazy altar of Hepliaklqana.
  2947 | D:3      | Found a sparkling altar of Nemelex Xobeh.
  3341 | D:4      | Reached XP level 5. HP: 37/37 MP: 6/12
  3474 | D:4      | Noticed a phantom
  3498 | D:4      | Killed a phantom
  3499 | D:4      | Reached XP level 6. HP: 16/44 MP: 6/13
  3970 | D:4      | Reached skill level 5 in Dodging
  4297 | D:5      | Entered Level 5 of the Dungeon
  4318 | D:5      | Learned a level 4 spell: Iskenderun's Mystic Blast
  4442 | D:5      | Noticed a water moccasin
  4448 | D:5      | Killed a water moccasin
  4639 | D:5      | Reached XP level 7. HP: 50/50 MP: 7/15
  5133 | D:5      | Identified the +6 scimitar of the Supporting Gods {vamp,
                  | ^Contam Int+4}
  5150 | D:5      | Reached skill level 5 in Stealth
  5225 | D:5      | Noticed Blork the orc
  5232 | D:5      | Killed Blork the orc
  5470 | D:5      | Identified 2 scrolls of acquirement
  5470 | D:5      | Acquired 1156 gold pieces
  5850 | D:6      | Reached XP level 8. HP: 58/58 MP: 5/16
  6023 | D:6      | Found a bloodstained altar of Trog.
  6302 | D:6      | Found a staircase to the Ecumenical Temple.
  6329 | Temple   | Found a transporter.
  6329 | Temple   | Found a transporter.
  6329 | Temple   | Found a transporter.
  6329 | Temple   | Found a transporter.
  6329 | Temple   | Entered the Ecumenical Temple
  6347 | Temple   | Became a worshipper of Vehumet
  7116 | D:6      | Found an ancient bone altar of Kikubaaqudgha.
  7410 | D:6      | Found a runed translucent door.
  7411 | D:6      | Noticed Crazy Yiuf
  7421 | D:6      | Killed Crazy Yiuf
  7806 | D:7      | Acquired a +2 lajatang of venom
  8487 | D:8      | Reached XP level 9. HP: 51/65 MP: 5/18
  8570 | D:8      | Found an opulent altar of Gozag.
  8597 | D:8      | Noticed a hornet
  8623 | D:8      | Killed a hornet
  8997 | D:8      | Reached skill level 8 in Conjurations
  9000 | D:8      | Found a roughly hewn altar of Beogh.
  9000 | D:8      | Found a transporter.
  9058 | D:8      | Found a transporter.
  9071 | D:8      | Found Maedot's Magic Scroll Shoppe.
  9079 | D:8      | Bought a scroll of identify for 30 gold pieces
  9079 | D:8      | Bought a scroll of teleportation for 45 gold pieces
  9079 | D:8      | Bought a scroll of fear for 60 gold pieces
  9079 | D:8      | Bought a scroll of teleportation for 45 gold pieces
  9079 | D:8      | Bought a scroll of teleportation for 45 gold pieces
  9239 | D:8      | Noticed a two-headed ogre
  9257 | D:8      | Found a staircase to the Lair.
  9368 | D:9      | Noticed a hornet
  9376 | D:9      | Noticed Erica
  9378 | D:9      | Killed a hornet
  9692 | D:9      | Killed from afar by Erica

Illustrated notes

Levels and vault maps discovered:
D:1:      dpeg_arrival_stone_temple_mockup, layout_loops_ring, serial_forest,
          infiniplex_forest_lined_ring, infiniplex_forest_zigzag_2,
          infiniplex_forest_clump_curved, infiniplex_forest_lined_3_way,
          infiniplex_forest_end_2, infiniplex_forest_clump_cross,
          infiniplex_forest_clump_curved, infiniplex_forest_straight_1,
          infiniplex_forest_diagonal, hellmonk_ecumenical_altar_run_dry
D:2:      layout_loops_ring
D:3:      minmay_general_purpose_star, layout_loops_ring, okawaru_gym_becter,
          mainiacjoe_overflow_big_doors, nemelex_xobeh_ov_fountains_minmay
D:4:      layout_loops_ring
D:5:      layout_loops_ring, uniq_blork_the_orc
D:6:      layout_gridville, lemuel_tele_altar,
          mainiacjoe_overflow_six_doors_small, minmay_temple_entry_glassed_door,
          uniq_crazy_yiuf_cottage
D:7:      layout_loops_ring, roderic_lattice_a
D:8:      gammafunk_beogh_shrine, layout_basic, mainiacjoe_overflow_catwalk,
          dpeg_oklobed_lair, serial_shops, shop
D:9:      layout_basic, uniq_grum, uniq_erica, uniq_maurice
Temple:   hellmonk_temple_divided_pantheon

Skill      XL: |  1  2  3  4  5  6  7  8  9 |
---------------+----------------------------+-----
Spellcasting   | 5 6 |  6.7
Invocations    | 1 2 3 4 |  4.8
Fighting       | 1 2 3 4 |  4.4
Short Blades   | 1 2 3 4 |  4.4
Long Blades    | 1 2 3 4 |  4.4
Axes           | 1 2 3 4 |  4.4
Maces & Flails | 1 2 3 4 |  4.4
Polearms       | 1 2 3 4 |  4.4
Staves         | 1 2 3 4 |  4.4
Ranged Weapons | 1 2 3 4 |  4.4
Throwing       | 1 2 3 4 |  4.4
Armour         | 1 2 3 4 |  4.4
Shields        | 1 2 3 4 |  4.4
Unarmed Combat | 1 2 3 4 |  4.4
Evocations     | 1 2 3 4 |  4.4
Shapeshifting  | 1 2 3 4 |  4.0
Hexes          | 1 2 3 |  3.6
Summonings     | 1 2 3 |  3.6
Necromancy     | 1 2 3 |  3.6
Translocations | 1 2 3 |  3.6
Fire Magic     | 1 2 3 |  3.6
Ice Magic      | 1 2 3 |  3.6
Air Magic      | 1 2 3 |  3.6
Earth Magic    | 1 2 3 |  3.6
Alchemy        | 1 2 3 |  3.6
Dodging        | 5 6 |  6.4
Stealth        | 5 6 |  6.1
Conjurations   | 8 |  8.0

Action                     |  1- 3 |  4- 6 |  7- 9 || total
---------------------------+-------+-------+-------++-------
  Melee: Morningstar       |    68 |    32 |    50 ||   150
         Bite              |     9 |     2 |    14 ||    25
         Lajatang          |       |       |    50 ||    50
   Cast: Magic Dart        |    47 |    75 |    66 ||   188
         Searing Ray       |     2 |     9 |    13 ||    24
         Iskenderun's Myst |       |       |    19 ||    19
  Evoke: Wand              |       |       |     2 ||     2
    Use: Scroll            |       |     1 |    18 ||    19
         Potion            |       |       |     2 ||     2
   Stab: Sleeping          |     3 |     2 |       ||     5
 Armour: Robe              |    31 |    24 |    87 ||   142
  Dodge: Dodged            |    80 |    50 |   129 ||   259

Table legend: (Time is in decaauts)
 A = Elapsed time spent in this place.
 B = Non-inter-level travel time spent in this place.
 C = Inter-level travel time spent in this place.
 D = Time resting spent in this place.
 E = Time spent auto-exploring this place.
 F = Levels seen in this place.
 G = Mean time per level.
                   A        B        C        D        E       F      G
               +--------+--------+--------+--------+--------+-----+--------+
         Total |   9770 |   9547 |    223 |   1981 |   6460 |  10 |  977.0 |
       Dungeon |   9731 |   9508 |    223 |   1981 |   6460 |   9 | 1081.2 |
        Temple |     38 |     38 |      0 |      0 |      0 |   1 |   38.0 |
               +--------+--------+--------+--------+--------+-----+--------+

Top non-repeatable levels by time:
     D:5: 1961 daAuts
     D:3: 1395 daAuts
     D:6: 1319 daAuts
     D:8: 1261 daAuts
     D:4: 1135 daAuts
     D:1: 987 daAuts
     D:2: 821 daAuts
     D:7: 818 daAuts
  Temple: 38 daAuts
     D:9: 31 daAuts
